 Dungeon Crawl Stone Soup version 0.18.1-50-g88ac8fd (webtiles) character file.

116 theElss the Conjurer (level 4, 0/28 HPs)
             Began as a High Elf Conjurer on Sept 22, 2016.
             Slain by Lucio's ghost (7 damage)
             ... on level 3 of the Dungeon.
             The game lasted 00:08:11 (2706 turns).

theElss the Conjurer (High Elf Conjurer)            Turns: 2706, Time: 00:08:13

Health: 0/28       AC:  3    Str:  7    XL:     4   Next: 70%
Magic:  5/10       EV: 13    Int: 19    God:
Gold:   93         SH:  0    Dex: 16    Spells: 3 memorised, 2 levels left

rFire  . . .     SeeInvis .     g - +0 hand axe
rCold  . . .     Gourm    .     a - +0 robe
rNeg   . . .     Faith    .     (no shield)
rPois  .         Spirit   .     (no helmet)
rElec  .         Dismiss  .     m - +0 cloak
rCorr  .         Reflect  .     (no gloves)
SustAt .         Harm     .     (no boots)
MR     .....                    (no amulet)
Stlth  ++........               (no ring)
                                (no ring)

@: not resistant to hostile enchantments, unstealthy
A: no striking features
a: no special abilities


You were on level 3 of the Dungeon.
You were not hungry.

You visited 1 branch of the dungeon, and saw 3 of its levels.

You collected 93 gold pieces.

Inventory:

Hand Weapons
 g - a +0 hand axe (weapon)
Armour
 a - a +0 robe (worn)
 m - a +0 cloak (worn)
Jewellery
 u - an uncursed ring of sustain attributes {unknown}
Wands
 r - a wand of paralysis (14/24)
Scrolls
 d - 2 scrolls of enchant weapon {unknown}
 e - 2 scrolls of enchant armour {unknown}
 f - a scroll of amnesia {unknown}
 h - 7 scrolls of identify {unknown}
 j - a scroll of random uselessness {unknown}
 t - a scroll of blinking {unknown}
Potions
 i - 2 potions of lignification {unknown}
 l - a potion of heal wounds {unknown}
 n - a potion of invisibility {unknown}
 o - a potion of brilliance {unknown}
 s - a potion of curing {unknown}
Books
 b - a book of Conjurations

   Spells                             Type                      Level
   a - Magic Dart                     Conjuration                  1
   b - Searing Ray                    Conjuration                  2
   c - Dazzling Spray                 Conjuration/Hexes            3
   d - Fulminant Prism                Conjuration/Hexes            4
   e - Iskenderun's Mystic Blast      Conjuration                  4
   f - Iskenderun's Battlesphere      Conjuration/Charms           5
Comestibles
 c - 2 bread rations
 k - 2 meat rations
 p - a royal jelly
 q - a chunk of flesh


   Skills:
 * Level 1.3 Fighting
 + Level 2.5 Dodging
 - Level 2.1 Stealth
 + Level 3.4 Spellcasting
 + Level 5.7 Conjurations


You had 2 spell levels left.
You knew the following spells:

 Your Spells              Type           Power        Failure   Level  Hunger
a - Magic Dart            Conj           ####         1%          1    None
c - Searing Ray           Conj           ####..       1%          2    ##.....
d - Iskenderun's Mystic   Conj           ####....     14%         4    ####...


Dungeon Overview and Level Annotations

Branches:
Dungeon (3/15)

Altars:
Cheibriados
Elyvilon
Fedhas

Annotations:
D:3 Lucio's ghost, weakling SpEn


Message History

Lucio's ghost gestures at you while chanting.
You resist with some effort.
Lucio's ghost whispers, "Death is liberation."
Lucio's ghost casts a spell at you. You resist with some effort.
Lucio's ghost gestures at you while chanting.
You fall asleep.
Lucio's ghost hits you!
You wake up.
* * * LOW HITPOINT WARNING * * *
Casting: Searing Ray
Confirm with . or Enter, or press ? or * to list all spells.
Aiming: Searing Ray
Press: ? - help, Shift-Dir - straight line, f/p - Lucio's ghost
Aim: Lucio's ghost The searing ray misses Lucio's ghost.
Lucio's ghost points at you and mumbles some strange words.
You fall asleep.
Lucio's ghost hits you but does no damage.
Lucio's ghost hits you!
You wake up.
You die...

##...## #.# #.##
#.#####.....#####.#
#...
#.................#
###. ######.#.##.######
##.. #.#.##.# ##...
#.#.##.# #....
#.#)##.####### #....
#.....W....... #....
#.#..)@.#####. #..##
#.####..# #..
#.###...## #. #...#
#.##.....## #.# ##..#
########.#.......# #.#
#..# #......÷.........#
#.# ..≈
#.######.#.......###.##
##≈≈ #..............#
###_≈≈
#.##....#####..###.##≈≈


You could see Lucio's ghost.

Vanquished Creatures
  4 adders
  An ooze (D:2)
  3 worms (D:2)
  2 dart slugs (D:3)
  3 giant geckos
  An orc (D:3)
  2 ball pythons (D:1)
  7 bats
  10 goblins
  9 hobgoblins
  A jackal (D:3)
  3 quokkas
  2 giant newts
  3 kobolds
  6 rats
57 creatures vanquished.

Notes
Turn   | Place    | Note
--------------------------------------------------------------
     0 | D:1      | theElss the High Elf Conjurer began the quest for the Orb.
     0 | D:1      | Reached XP level 1. HP: 11/11 MP: 4/4
   405 | D:1      | Reached XP level 2. HP: 18/18 MP: 3/6
   437 | D:1      | Learned a level 2 spell: Searing Ray
  1190 | D:2      | Found a white marble altar of Elyvilon.
  1192 | D:2      | Reached skill level 1 in Fighting
  1207 | D:2      | Reached XP level 3. HP: 23/23 MP: 1/8
  1325 | D:2      | Reached skill level 5 in Conjurations
  1583 | D:2      | Reached XP level 4. HP: 28/28 MP: 4/9
  1607 | D:2      | Learned a level 4 spell: Iskenderun's Mystic Blast
  1848 | D:2      | Found a blossoming altar of Fedhas.
  2451 | D:3      | Found a snail-covered altar of Cheibriados.
  2577 | D:3      | Noticed Lucio's ghost (weakling SpEn)
  2706 | D:3      | Slain by Lucio's ghost

Skill      XL: |  1  2  3 |
---------------+----------+-----
Fighting       | 1 |  1.3
Conjurations   | 5 |  5.7
Spellcasting   | 3 |  3.4
Dodging        | |  2.5
Stealth        | |  2.1

Action                   |  1- 3 |  4- 6 || total
-------------------------+-------+-------++-------
Melee: Hand axe          |     4 |       ||     4
 Cast: Magic Dart        |    49 |    39 ||    88
       Searing Ray       |     5 |     8 ||    13
  Eat: Chunk             |     2 |     4 ||     6
Armor: Robe              |       |     1 ||     1
Dodge: Dodged            |     8 |     4 ||    12
